 Dungeon Crawl Stone Soup version 0.13-a0-1536-gedae9ec (webtiles) character file.

314 Kae the Cudgeler (level 5, 0/46 HPs)
             Began as a Minotaur Berserker on June 9, 2013.
             Was a Priest of Trog.
             Succumbed to a worker ant's poison
             ... on Level 4 of the Dungeon.
             The game lasted 00:01:48 (1924 turns).

Kae the Cudgeler (Minotaur Berserker)               Turns: 1924, Time: 00:01:48

HP   0/46        AC  2     Str 22      XL: 5   Next: 13%
MP   1/1         EV 13     Int  5 (9)  God: Trog [***...]
Gold 160         SH  0     Dex 10      Spells:  0 memorised,  4 levels left

Res.Fire  : . . .   See Invis. : .   p - +1 dwarf mace
Res.Cold  : . . .   Warding    : .   b - +0 animal skin
Life Prot.: . . .   Conserve   : .   (no shield)
Res.Poison: .       Res.Corr.  : .   (helmet restricted)
Res.Elec. : .       Clarity    : .   (no cloak)
Sust.Abil.: . .     Spirit.Shd : .   (no gloves)
Res.Mut.  : .       Stasis     : .   (no boots)
Res.Rott. : .       Flight     : .   (no amulet)
Saprovore : . . .                    (no ring)
                                     (no ring)

@: brilliant, mildly poisoned, slightly resistant to hostile enchantments,
unstealthy
A: retaliatory headbutt, horns 2
a: Burn Spellbooks, Berserk, Trog's Hand, Renounce Religion


You were on level 4 of the Dungeon.
You worshipped Trog.
Trog was greatly pleased with you.
You were not hungry.

You visited 1 branch of the dungeon, and saw 4 of its levels.

You collected 140 gold pieces.

Inventory:

Hand weapons
 a - a +0,+0 mace
 p - a +1,+1 dwarven mace (weapon)
Armour
 b - a +0 animal skin (worn)
Comestibles
 c - 4 bread rations
 f - a pear
 g - a meat ration
 i - 16 strawberries
 m - a sausage
 r - a chunk of worker ant flesh
Scrolls
 d - 2 scrolls of fog {unknown}
 h - 6 scrolls of remove curse {unknown}
 k - 2 scrolls of curse weapon {unknown}
 l - 2 scrolls of identify {unknown}
Jewellery
 j - a cursed ring of hunger {unknown}
 q - an uncursed ring of protection from cold {unknown}
Potions
 o - a potion of degeneration


   Skills:
 + Level 4.4 Fighting
 + Level 5.0 Maces & Flails
 + Level 2.6 Armour
 + Level 3.7 Dodging
 + Level 1.0 Stealth
 + Level 1.0 Traps


You had 4 spell levels left.
You didn't know any spells.

Dungeon Overview and Level Annotations

Branches:
Dungeon (4/27)
 Temple: D:4-7

Altars:
Fedhas
Okawaru


Innate Abilities, Weirdness & Mutations

You reflexively headbutt those who attack you in melee.
You have a pair of horns on your head.


Message History

You start resting.
* * * LOW HITPOINT WARNING * * *
You feel sick.
You start resting.
* * * LOW HITPOINT WARNING * * *
You feel sick.
You start resting.
Your intelligence has recovered.
You start resting.
* * * LOW HITPOINT WARNING * * *
You feel sick.
You start resting.
* * * LOW HITPOINT WARNING * * *
You feel sick.
You feel a little better.
You start resting.
* * * LOW HITPOINT WARNING * * *
You feel sick.
You start resting.
You die...

### #<# #.#
#.# #.# #@#
###.#######
#.........#
#.........#
#....$....#
#.........#
#.........#
#.........#
#.........


There were no monsters in sight!

Vanquished Creatures
  2 worker ants
  The ghost of neil the Fey Djinni, a weakling DjDK of Yredelemnul (D:3)
  4 adders
  A gnoll (D:1)
  A giant mite (D:3)
  3 bats
  A giant cockroach (D:3)
  3 goblins
  6 hobgoblins
  7 jackals
  A quokka (D:3)
  A ball python (D:2)
  A giant gecko (D:1)
  2 giant newts (D:1)
  6 kobolds
  4 rats
44 creatures vanquished.

Notes
Turn   | Place    | Note
--------------------------------------------------------------
     0 | D:1      | Kae, the Minotaur Berserker, began the quest for the Orb.
     0 | D:1      | Reached XP level 1. HP: 19/19 MP: 0/0
   236 | D:1      | Reached skill level 4 in Fighting
   236 | D:1      | Reached XP level 2. HP: 9/27 MP: 0/0
   506 | D:1      | Acquired Trog's second power
   777 | D:2      | Reached XP level 3. HP: 30/33 MP: 1/1
  1258 | D:3      | Found an iron altar of Okawaru.
  1269 | D:3      | Reached XP level 4. HP: 32/40 MP: 1/1
  1277 | D:3      | Noticed neil's ghost (weakling DjDK)
  1286 | D:3      | Killed neil's ghost
  1604 | D:3      | Found a blossoming altar of Fedhas.
  1818 | D:4      | Reached skill level 5 in Maces & Flails
  1818 | D:4      | Reached skill level 1 in Stealth
  1818 | D:4      | Reached skill level 1 in Traps
  1818 | D:4      | Reached XP level 5. HP: 23/46 MP: 1/1
  1897 | D:4      | HP: 2/46 [poisoned by a worker ant]
  1899 | D:4      | Lost intelligence.
  1911 | D:4      | HP: 2/46 [poisoned by a worker ant]
  1916 | D:4      | HP: 1/46 [poisoned by a worker ant]
  1922 | D:4      | HP: 1/46 [poisoned by a worker ant]
  1924 | D:4      | Succumbed to a worker ant's poison

Action                   |  1- 3 |  4- 6 || total
-------------------------+-------+-------++-------
Melee: Mace              |    61 |    24 ||    85
  Use: Potion            |       |     3 ||     3
 Stab: Sleeping          |       |     1 ||     1
